 Dungeon Crawl Stone Soup version 0.22-a0-858-g985ef60 (webtiles) character file.

549710 zishaf the Fetichist (level 26, 0/206 HPs)
             Began as a Gnoll Wizard on July 25, 2018.
             Was the Champion of Ashenzari.
             Splashed by an acid blob's acid (10 damage)
             ... created by the Royal Jelly
             ... on level 4 of the Pits of Slime on July 28, 2018.
             The game lasted 08:50:59 (110153 turns).

zishaf the Fetichist (Gnoll Wizard)               Turns: 110153, Time: 08:50:59

Health: 0/206      AC: 25    Str: 19    XL:     26   Next: 82%
Magic:  5/44       EV: 36    Int: 39    God:    Ashenzari [******]
Gold:   4567       SH: 18    Dex: 22    Spells: 7/60 levels left

rFire    + + +     SeeInvis +   k - +6 demon blade (vamp)
rCold    + + .     Gourm    .   y - -1 shield of the Tundras {MR+} (curse)
rNeg     . . .     Faith    .   Q - +5 steam dragon scales (curse)
rPois    .         Spirit   .   G - +1 hat (curse)
rElec    +         Reflect  +   a - +1 cloak "Juomy" {Int+8} (curse)
rCorr    .         Harm     .   X - +2 pair of gloves {Dex+3} (curse)
MR       +++..     Clarity  +   F - +2 pair of boots {run} (curse)
Stlth    +++++++++.             u - amulet "Iror Juso" {Reflect rElec rF+ Str+4 SH+3} (curse)
HPRegen  0.84/turn              v - ring "Biewke" {rF++ rC+ Str+3 Int+2 Dex+4} (curse)
MPRegen  0.29/turn              c - ring "Rigaxy" {rC+ MR+ EV+4 Stlth+} (curse)

@: studying Evocations, quick
A: distributed training, fangs 1, horns 1, regeneration 1, strong nose
}: 2/15 runes: serpentine, barnacled
a: Curse Item, Scrying, Renounce Religion


You were on level 4 of the Pits of Slime.
You worshipped Ashenzari.
Ashenzari was exalted by your worship.
You were not hungry.

You visited 10 branches of the dungeon, and saw 49 of its levels.
You visited the Abyss 2 times.
You visited 2 bazaars.
You also visited: Trove, Bailey and Volcano.

You collected 7957 gold pieces.
You spent 3390 gold pieces at shops.

Inventory:

Hand Weapons
 k - a +6 vampiric demon blade (weapon)
Missiles
 z - 28 poisoned javelins (quivered)
Armour
 a - the cursed +1 cloak "Juomy" (worn) {Int+8}
   (You found it on level 3 of the Elven Halls)

   It affects your intelligence (+8).
   It has a curse placed upon it.
 y - the cursed -1 shield of the Tundras (worn) {MR+}
   (You bought it in a shop on level 2 of the Orcish Mines)

   It affects your resistance to hostile enchantments.
   It has a curse placed upon it.
 F - a cursed +2 pair of boots of running (worn)
 G - a cursed +1 hat (worn)
 Q - cursed +5 steam dragon scales (worn)
 X - a cursed +2 pair of gloves of dexterity (worn)
Jewellery
 c - the cursed ring "Rigaxy" (right hand) {rC+ MR+ EV+4 Stlth+}
   (You took it off a wight on level 12 of the Dungeon)

   [ring of evasion]

   It affects your evasion (+4).
   It protects you from cold.
   It affects your resistance to hostile enchantments.
   It makes you more stealthy.
   It has a curse placed upon it.
 u - the cursed amulet "Iror Juso" (around neck) {Reflect rElec rF+ Str+4 SH+3}
   (You acquired it on level 3 of the Vaults)

   [amulet of reflection]

   It shields you and reflects attacks.
   It affects your strength (+4).
   It protects you from fire.
   It insulates you from electricity.
   It affects your SH (+3).
   It has a curse placed upon it.
 v - the cursed ring "Biewke" (left hand) {rF++ rC+ Str+3 Int+2 Dex+4}
   (You bought it in a shop in a bazaar)

   [ring of dexterity]

   It affects your strength (+3).
   It affects your intelligence (+2).
   It affects your dexterity (+4).
   It greatly protects you from fire.
   It protects you from cold.
   It has a curse placed upon it.
Wands
 h - a wand of disintegration (45)
 j - a wand of acid (55)
 r - a wand of scattershot (7)
 R - a wand of enslavement (25)
 S - a wand of digging (56)
 U - a wand of flame (99)
 Y - a wand of paralysis (65)
 Z - a wand of iceblast (51)
Scrolls
 e - 4 scrolls of blinking
 f - 5 scrolls of fog
 o - 7 scrolls of fear
 C - 4 scrolls of holy word
 D - 9 scrolls of magic mapping
 H - 2 scrolls of remove curse
 J - 2 scrolls of silence
 O - a scroll of summoning
 V - 23 scrolls of teleportation
Potions
 g - 10 potions of flight
 i - 6 potions of haste
 m - 7 potions of brilliance
 s - 4 potions of agility
 t - 4 potions of magic
 w - 14 potions of curing
 E - 3 potions of resistance
 K - 5 potions of cancellation
 L - 2 potions of ambrosia
 P - 7 potions of might
Books
 A - a manual of Evocations
Miscellaneous
 b - a phial of floods
 l - a fan of gales
 n - a lamp of fire
 q - 2 sacks of spiders
 x - a lightning rod (4/4)
 N - a crystal ball of energy
 T - a phantom mirror
 W - 4 boxes of beasts
Comestibles
 d - 33 rations


   Skills:
 + Level 16.5 Fighting
 + Level 16.5 Short Blades
 + Level 16.5 Long Blades
 + Level 16.5 Axes
 + Level 16.5 Maces & Flails
 + Level 16.5 Polearms
 + Level 16.5 Staves
 + Level 16.5 Slings
 + Level 16.5 Bows
 + Level 16.5 Crossbows
 + Level 16.5 Throwing
 + Level 16.5 Armour
 + Level 16.9(20.7) Dodging
 + Level 16.9(20.7) Stealth
 + Level 16.5(18.9) Shields
 + Level 16.5 Unarmed Combat
 + Level 17.5 Spellcasting
 + Level 14.3(18.3) Conjurations
 + Level 14.2(18.2) Hexes
 + Level 14.2(18.2) Charms
 + Level 14.3(18.3) Summonings
 + Level 14.2(18.2) Necromancy
 + Level 14.3(18.3) Translocations
 + Level 14.2(18.2) Transmutations
 + Level 14.2(18.2) Fire Magic
 + Level 14.2(18.2) Ice Magic
 + Level 14.2(18.2) Air Magic
 + Level 14.2(18.2) Earth Magic
 + Level 14.2(18.2) Poison Magic
 + Level 17.7 Invocations
 + Level 20.7(24.2) Evocations


You had 7 spell levels left.
You knew the following spells:

 Your Spells              Type           Power        Failure   Level  Hunger
a - Throw Icicle          Conj/Ice       ########     0%          4    None
b - Lehudib's Crystal Sp  Conj/Erth      ########..   3%          8    ####...
c - Blink                 Tloc           N/A          0%          2    None
d - Borgnjor's Vile Clut  Necr/Erth      ########..   0%          5    None
e - Animate Dead          Necr           N/A          0%          4    None
f - Discord               Hex            ########..   3%          8    ####...
g - Sublimation of Blood  Necr           ########..   0%          2    None
q - Regeneration          Chrm/Necr      ########..   0%          3    None
v - Passage of Golubria   Tloc           N/A          0%          4    None
w - Summon Ice Beast      Ice/Summ       ########     0%          4    None
x - Summon Lightning Spi  Summ/Air       ########     0%          4    None
z - Fireball              Conj/Fire      ########..   0%          5    None

Your spell library contained the following spells:

 Spells                   Type           Power        Failure   Level  Hunger
 Cause Fear               Hex            ########..   0%          4    None
 Magic Dart               Conj           ####         0%          1    None
 Apportation              Tloc           ######       0%          1    None
 Conjure Flame            Conj/Fire      ########     0%          3    None
 Bolt of Fire             Conj/Fire      ########..   1%          6    None
 Bolt of Cold             Conj/Ice       ########..   1%          6    None
 Lightning Bolt           Conj/Air       ########..   0%          5    None
 Slow                     Hex            ########     0%          2    None
 Confuse                  Hex            ########     0%          3    None
 Invisibility             Hex            ########     1%          6    None
 Throw Flame              Conj/Fire      ######       0%          2    None
 Throw Frost              Conj/Ice       ######       0%          2    None
 Freezing Cloud           Conj/Ice/Air   ########..   1%          6    None
 Mephitic Cloud           Conj/Pois/Air  ########     0%          3    None
 Venom Bolt               Conj/Pois      ########..   0%          5    None
 Olgreb's Toxic Radiance  Pois           ########     0%          4    None
 Summon Small Mammal      Summ           ####         0%          1    None
 Bolt of Draining         Conj/Necr      ########..   0%          5    None
 Fire Storm               Conj/Fire      ########..   43%         9    ######.
 Iskenderun's Mystic Bla  Conj           ########     0%          4    None
 Summon Horrible Things   Summ           ########..   3%          8    ####...
 Pain                     Necr           ####         0%          1    None
 Animate Skeleton         Necr           N/A          0%          1    None
 Vampiric Draining        Necr           ########..   0%          3    None
 Freeze                   Ice            ####         0%          1    None
 Sticky Flame             Conj/Fire      ########     0%          4    None
 Ozocubu's Armour         Chrm/Ice       ########     0%          3    None
 Call Imp                 Summ           ########     0%          2    None
 Poison Arrow             Conj/Pois      ########..   1%          6    None
 Sting                    Conj/Pois      ####         0%          1    None
 Tukima's Dance           Hex            ########     0%          3    None
 Summon Greater Demon     Summ           ########..   1%          7    #......
 Corpse Rot               Necr           N/A          0%          2    None
 Stone Arrow              Conj/Erth      ######       0%          3    None
 Shock                    Conj/Air       ####         0%          1    None
 Swiftness                Chrm/Air       ########     0%          2    None
 Recall                   Summ/Tloc      N/A          0%          3    None
 Spider Form              Tmut/Pois      ########..   0%          3    None
 Blade Hands              Tmut           ########..   0%          5    None
 Statue Form              Tmut/Erth      ########.    1%          6    None
 Ice Form                 Ice/Tmut       ########     0%          4    None
 Death Channel            Necr           ########..   1%          6    None
 Deflect Missiles         Chrm/Air       ########..   1%          6    None
 Glaciate                 Conj/Ice       ########..   43%         9    ######.
 Airstrike                Air            ########..   0%          4    None
 Shadow Creatures         Summ           N/A          1%          6    None
 Confusing Touch          Hex            ######       0%          1    None
 Flame Tongue             Conj/Fire      #####        0%          1    None
 Passwall                 Tmut/Erth      ########     0%          2    None
 Ignite Poison            Fire/Tmut/Pois ########     0%          3    None
 Sticks to Snakes         Tmut           ########     0%          2    None
 Call Canine Familiar     Summ           ########     0%          3    None
 Ensorcelled Hibernation  Hex/Ice        ######       0%          2    None
 Metabolic Englaciation   Hex/Ice        ########..   0%          5    None
 Summon Butterflies       Summ           ########     0%          1    None
 Silence                  Hex/Air        ########..   0%          5    None
 Static Discharge         Conj/Air       ########     0%          3    None
 Corona                   Hex            #######      0%          1    None
 Alistair's Intoxication  Tmut/Pois      ########     0%          5    None
 Lee's Rapid Deconstruct  Erth           ########..   0%          5    None
 Sandblast                Erth           ######       0%          1    None
 Simulacrum               Ice/Necr       ########..   1%          6    None
 Conjure Ball Lightning   Conj/Air       ########..   1%          6    None
 Chain Lightning          Conj/Air       ########..   3%          8    ####...
 Portal Projectile        Hex/Tloc       ######       0%          3    None
 Monstrous Menagerie      Summ           ########..   1%          7    #......
 Petrify                  Tmut/Erth      ########     0%          4    None
 Malign Gateway           Summ/Tloc      ########..   1%          7    #......
 Tornado                  Air            ########..   43%         9    ######.
 Leda's Liquefaction      Hex/Erth       ########..   0%          4    None
 Summon Hydra             Summ           ########..   1%          7    #......
 Darkness                 Hex            ########..   1%          6    None
 Shroud of Golubria       Chrm/Tloc      ########..   0%          2    None
 Inner Flame              Hex/Fire       ########     0%          3    None
 Aura of Abjuration       Summ           ########..   0%          5    None
 Beastly Appendage        Tmut           ######       0%          1    None
 Fulminant Prism          Conj/Hex       ########..   0%          4    None
 Dazzling Spray           Conj/Hex       ######       0%          3    None
 Force Lance              Conj/Tloc      ########     0%          4    None
 Infusion                 Chrm           ####         0%          1    None
 Song of Slaying          Chrm           ########     0%          2    None
 Spectral Weapon          Hex/Chrm       ########     0%          3    None
 Searing Ray              Conj           ######       0%          2    None
 Summon Forest            Summ/Tloc      ########..   0%          5    None
 Summon Guardian Golem    Hex/Summ       ########     0%          3    None
 Spellforged Servitor     Conj/Summ      ########..   1%          7    #......
 Summon Mana Viper        Hex/Summ       ########     0%          5    None
 Hydra Form               Tmut           ########..   1%          6    None
 Irradiate                Conj/Tmut      ########..   0%          5    None
 Gell's Gravitas          Tloc           ########..   0%          3    None
 Yara's Violent Unravell  Hex/Tmut       ########..   0%          5    None
 Lesser Beckoning         Tloc           ########..   0%          3    None
 Poisonous Vapours        Pois/Air       ######       0%          2    None


Dungeon Overview and Level Annotations

Branches:
Dungeon (15/15)            Temple (1/1) D:6            Lair (6/6) D:8
 Shoals (4/4) Lair:2        Snake (4/4) Lair:4        Slime (5/5) Lair:5
    Orc (2/2) D:9             Elf (3/3) Orc:2        Vaults (4/5) D:14
  Crypt (0/3) Vaults:2     Depths (5/5) D:15            Zot (0/5) Depths:5

Altars:
Ashenzari
Cheibriados
Dithmenos
Elyvilon
Fedhas
Gozag
Kikubaaqudgha
Makhleb
Nemelex Xobeh
Okawaru
Qazlal
Ru
Sif Muna
Trog
Uskayaw
Vehumet
Wu Jian
Xom
Yredelemnul
Zin
The Shining One
Beogh

Shops:
D:5 }   D:15 *   Orc:2 ?*[:   Elf:1 (   Elf:3 ?   Snake:2 %:[(   Vaults:3 %
Depths:2 ?

Portals:
Hell: Depths:1 Depths:2 Depths:3 Depths:4 Depths:5
Abyss: Depths:4
Pandemonium: Depths:3
Ziggurat: Depths:1

Annotations:
Slime:5 Royal Jelly


Innate Abilities, Weirdness & Mutations

Your experience applies equally to all skills.
You have very sharp teeth.
Your uncanny sense of smell can sniff out nearby items.
You have a pair of small horns on your head.
Your natural rate of healing is unusually fast.


Message History

You are splashed with acid!
The acid burns!
* * * LOW HITPOINT WARNING * * *
Casting: Blink (safe; 0% risk of failure)
Confirm with . or Enter, or press ? or * to list all spells.
Okay, then.
Okay, then.
Okay, then.
Your magical effects are unravelling.
You feel magically purged.
Your magical contamination has completely faded away.
You are no longer corroded.
The acid blob spits acid at you. The splash of acid misses you.
Casting: Blink (safe; 0% risk of failure)
Confirm with . or Enter, or press ? or * to list all spells.
Aiming: Passage of Golubria (safe; 0% risk of failure)
Press: ? - help, Dir - move target cursor The acid blob spits acid at you.
The splash of acid hits you!
You are splashed with acid!
The acid burns!
You die...

.## ##...# ##### ..# ### ##...#*
##.#.## ..#####.## #....##
##.....# ...#.....#
#.....####.#.#.#*
..#......####.....##.....##
..#.......#..#..<..#......##
.........^............J....#
...........................##
................@.^.J.......##
........#.....#..............##
#....#.......#.#..>...........##
.#.............................#
.....#.....#.............#....##
..........#.......#....###..###
.......#..#.......#.....#...#
..#....#.....#...........#.##
..#..........##...#...#....###


You could see an acid blob and an azure jelly.

Vanquished Creatures
  Mara (Snake:3)
  An ancient lich (Depths:1)
  A juggernaut (Depths:3)
  Vashnia (Snake:2)
  Frederick (Depths:2)
  Xtahua (Depths:4)
  The ghost of Bidatih the Peltast, an adept MiBe of Trog (Vaults:4)
  4 golden dragons
  Nikola (Shoals:1)
  The ghost of Seuss the Acrobat, an adept MiFi of Okawaru (Elf:1)
  2 tentacled monstrosities (Depths:3)
  7 liches
  4 deep elf blademasters
  2 quicksilver dragons
  2 deep elf master archers (Elf:3)
  Asterion (Vaults:2)
  11 acid blobs
  4 titans
  4 krakens (Shoals:4)
  Polyphemus (Shoals:4)
  An ancient champion (Vaults:2)
  Frances (Shoals:1)
  2 sphinxes
  3 storm dragons
  Agnes (Snake:4)
  A shadow dragon (Depths:3)
  3 tengu reavers
  6 azure jellies
  10 frost giants
  7 nagarajas
  Donald (Snake:2)
  A deep elf sorcerer (Vaults:1)
  9 vault wardens
  A ghost moth (shapeshifter) (Vaults:1)
  8 fire giants
  A draconian knight (Depths:5)
  5 deep elf elementalists (Elf:3)
  A juggernaut skeleton (Depths:2)
  A reaper (Depths:3)
  A balrug (Depths:3)
  A draconian shifter (Depths:5)
  A war gargoyle (Depths:3)
  8 ironheart preservers
  2 spriggan defenders
  23 very ugly things
  6 stone giants
  A vampire knight (Depths:5)
  2 entropy weavers
  3 deep elf demonologists
  5 deep elf annihilators
  A red draconian (Volcano)
  Nessos (D:12)
  3 white draconians (Depths:5)
  3 spark wasps
  2 yellow draconians (Depths:5)
  7 deep elf death magi
  The ghost of contendunt the Bludgeoner, a journeyman MiFi of Okawaru (Lair:2)
  2 blizzard demons
  4 fire dragons
  A merfolk javelineer (Shoals:4)
  3 ettins
  A death ooze (Slime:3)
  4 crystal guardians (Depths:2)
  5 merfolk impalers
  6 jiangshi
  An eidolon (Vaults:2)
  11 great orbs of eyes
  6 yaktaur captains
  8 deep elf high priests
  7 ogre magi
  Fannar (Orc:1)
  A vault guard (Vaults:1)
  15 naga warriors
  2 hydras
  8 spriggan air magi
  4 merfolk avatars
  4 rakshasas
  10 ice dragons
  9 centaur warriors
  A hell beast (Depths:5)
  A merfolk aquamancer (Shoals:4)
  24 two-headed ogres
  An alligator snapping turtle (Shoals:4)
  11 anacondas
  3 satyrs
  2 catoblepae
  A satyr (shapeshifter) (Vaults:3)
  3 vampire magi
  23 dancing weapons
  7 deep troll shamans
  3 death yaks
  6 deep troll earth magi
  An orc high priest (Orc:2)
  14 tengu warriors
  16 spriggan berserkers
  A thrashing horror (Abyss:5)
  5 hell knights
  15 naga sharpshooters
  6 shock serpents
  3 sun demons (Depths:3)
  22 deep elf knights
  2 shadow wraiths
  4 soul eaters
  2 iron trolls
  2 flayed ghosts
  A spectral death yak (Lair:1)
  6 sea snakes
  An unseen horror (shapeshifter) (Vaults:3)
  15 skeletal warriors
  4 unseen horrors (D:12)
  15 naga ritualists
  3 glowing orange brains
  An obsidian statue (Depths:5)
  13 deep trolls
  The ghost of Uniporpoise the Basher, a novice GrFi (D:7)
  A harpy (shapeshifter) (Vaults:1)
  2 golden dragon skeletons
  An orange crystal statue (Depths:2)
  18 deep elf archers
  10 wizards
  A spectral hydra (Lair:1)
  21 harpies
  14 mana vipers
  4 orc knights
  6 necromancers
  7 ironbrand convokers
  38 ugly things
  4 orc sorcerers (Orc:2)
  3 wolf spiders
  50 deep elf magi
  A shadow dragon skeleton (Depths:2)
  A faun (Shoals:3)
  12 salamanders
  A shining eye (Slime:3)
  A salamander (shapeshifter) (Elf:1)
  10 manticores
  4 merfolk sirens
  13 cyclopes
  Maurice (Orc:1)
  A guardian serpent (shapeshifter) (Elf:1)
  2 centaur zombies
  2 guardian serpents (Snake:3)
  7 rust devils
  An elephant (Lair:6)
  2 black mambas (shapeshifter)
  A fire giant skeleton (Depths:2)
  4 gargoyles
  15 vault sentinels
  20 naga magi
  An elephant (shapeshifter) (Vaults:3)
  3 ice statues
  2 smoke demons (Abyss:5)
  12 spiny frogs
  An eye of devastation (Slime:2)
  41 black mambas
  An elf skeleton (Depths:2)
  3 water nymphs
  A spiny frog (shapeshifter) (D:12)
  3 komodo dragons
  39 yaktaurs
  2 rime drakes
  A rime drake (shapeshifter) (Vaults:3)
  9 freezing wraiths
  2 yaktaurs (shapeshifter)
  2 efreet
  A guardian mummy (D:15)
  3 ice devils (Depths:1)
  2 red devils
  14 merfolk
  3 tengu conjurers
  3 trolls
  3 wind drakes
  5 meliai
  2 tyrant leeches (Lair:6)
  A polar bear (shapeshifter) (Vaults:1)
  5 hornets
  A dream sheep (shapeshifter) (Depths:4)
  A wolf spider simulacrum (D:15)
  A hornet (shapeshifter) (Vaults:2)
  2 ice dragon zombies (D:15)
  11 hippogriffs
  3 raiju (Abyss:5)
  4 blink frogs
  7 snapping turtles
  2 dream sheep (Shoals:1)
  52 slime creatures
  2 flying skulls (Depths:3)
  2 deep troll skeletons
  4 shadows
  4 large abominations (Abyss:5)
  A tarantella (Vaults:3)
  2 air elementals (Elf:1)
  4 spriggans
  An elf simulacrum (Depths:5)
  4 redbacks
  A spriggan (shapeshifter) (D:15)
  9 water elementals
  3 wraiths
  A fire elemental (Elf:1)
  2 golden eyes (Slime:2)
  2 humans (shapeshifter)
  24 yaks
  4 basilisks
  A steam dragon (D:8)
  4 hungry ghosts
  3 vampire mosquitoes
  2 chaos spawn (Abyss:5)
  5 wargs (Orc:2)
  3 human zombies
  5 water moccasins
  A hydra simulacrum (Lair:2)
  27 nagas
  3 acid dragons
  A floating eye (Depths:4)
  A floating eye (shapeshifter) (D:14)
  A soldier ant (D:13)
  7 porcupines
  A hell hound (Depths:3)
  17 orc warriors
  A swamp drake (shapeshifter) (D:14)
  5 black bears
  4 eyes of draining
  An ogre (shapeshifter) (Depths:4)
  5 sky beasts
  4 necrophages (Lair:2)
  3 ice beasts
  2 phantoms
  21 ogres
  3 boggarts (D:14)
  21 centaurs
  9 crocodiles
  A big kobold (D:10)
  20 bullfrogs
  A wyvern zombie (D:13)
  2 human skeletons
  A spiny frog simulacrum (Lair:2)
  2 earth elementals
  A hornet simulacrum (Vaults:1)
  5 scorpions
  An orc simulacrum (Vaults:1)
  13 wights
  5 electric eels
  3 howler monkeys
  8 crimson imps
  5 hounds
  9 jellies
  4 bullfrog skeletons
  11 orc priests
  A centaur skeleton (D:12)
  3 iguanas
  21 orc wizards
  A hell rat (Lair:3)
  9 worker ants
  A hound skeleton (D:4)
  A worker ant zombie (D:5)
  A howler monkey skeleton (D:6)
  13 adders
  3 gnolls
  A gnoll zombie (D:4)
  A river rat (Lair:3)
  5 shadow imps
  An ooze (D:2)
  6 worms
  4 leopard geckos
  58 orcs
  10 bats
  A bat zombie (D:4)
  5 giant cockroaches
  7 goblins
  12 hobgoblins
  11 jackals
  9 kobolds
  4 quokkas
  A ball python (D:1)
  9 frilled lizards
  A goblin zombie (D:5)
  2 hobgoblin zombies (D:5)
  A jackal skeleton (D:5)
  3 kobold skeletons (D:5)
  A kobold zombie (D:5)
  An orc skeleton (D:5)
  11 rats
  2 rat zombies (D:4)
  3 fungi
  2 plants
  2 tentacles (Shoals:4)
  5 withered plants (D:15)
1621 creatures vanquished.

Vanquished Creatures (collateral kills)
  Saint Roka (Snake:4)
  A tentacled monstrosity (Vaults:3)
  2 acid blobs (Slime:5)
  A kraken (Shoals:1)
  A tengu reaver (Depths:3)
  Roxanne (Shoals:3)
  A nagaraja (Snake:3)
  Aizul (Snake:2)
  A fire giant (Depths:4)
  A frost giant (Depths:3)
  6 vault wardens
  3 deep elf sorcerers
  Louise (Elf:3)
  2 deep elf elementalists (Elf:3)
  5 ironheart preservers
  12 very ugly things
  4 stone giants
  4 deep elf demonologists
  A yellow draconian (Depths:5)
  A green draconian (Depths:5)
  2 ettins
  2 merfolk javelineers
  A deep elf death mage (Vaults:3)
  2 yaktaur captains
  2 deep elf high priests
  2 merfolk impalers (Shoals:4)
  A great orb of eyes (Depths:3)
  A great orb of eyes (shapeshifter) (Depths:5)
  2 naga warriors
  A rakshasa (Vaults:1)
  4 ice dragons
  5 hydras
  2 merfolk avatars
  A spriggan air mage (Depths:5)
  2 merfolk aquamancers
  2 centaur warriors (D:13)
  3 anacondas
  16 two-headed ogres
  5 ogre magi
  A two-headed ogre (shapeshifter) (Vaults:3)
  A vampire mage (Depths:2)
  A deep troll shaman (Depths:1)
  A satyr (Shoals:4)
  2 tengu warriors (Depths:3)
  3 death yaks (Lair:6)
  A naga sharpshooter (Snake:4)
  3 deep troll earth magi
  A spriggan berserker (Depths:3)
  An iron troll (Depths:1)
  3 deep elf knights
  A skeletal warrior (Depths:3)
  2 salamander mystics (Snake:4)
  A hell knight (Depths:4)
  2 naga ritualists (Snake:4)
  A glowing orange brain (Slime:3)
  A flayed ghost (Vaults:3)
  A sea snake (Shoals:4)
  16 deep trolls
  A phantasmal warrior (Vaults:1)
  A wizard (Depths:1)
  5 deep elf archers
  2 ironbrand convokers
  Pikel (D:6)
  7 mana vipers
  11 harpies
  An orb spider (shapeshifter) (Vaults:4)
  An orc knight (Vaults:1)
  9 deep elf magi
  A wolf spider (Vaults:1)
  2 oklob plants (Lair:4)
  3 fauns (Shoals:3)
  24 ugly things
  2 orc sorcerers (Orc:2)
  4 shining eyes
  5 manticores
  A mana viper (shapeshifter) (Vaults:1)
  4 cyclopes
  A salamander (Snake:4)
  A cyclops (shapeshifter) (Vaults:1)
  2 rust devils (Depths:3)
  A centaur zombie (D:13)
  5 naga magi
  3 merfolk sirens
  3 elephants (Lair:6)
  5 vault sentinels
  A fire giant skeleton (Vaults:4)
  A guardian serpent (Snake:4)
  A guardian serpent (shapeshifter) (Depths:1)
  A yaktaur zombie (Vaults:4)
  11 black mambas
  A gargoyle (D:12)
  14 spiny frogs
  2 centaur skeletons
  A torpor snail (shapeshifter) (Vaults:2)
  2 ice devils (Depths:3)
  An eye of devastation (Slime:1)
  17 yaktaurs
  6 komodo dragons
  2 rime drakes
  An efreet (Depths:3)
  A spriggan skeleton (Depths:2)
  A tengu conjurer (Depths:1)
  2 red devils (Depths:3)
  3 freezing wraiths
  A wind drake (Shoals:1)
  A meliai (D:14)
  2 tyrant leeches (Lair:6)
  14 merfolk
  2 trolls
  6 snapping turtles
  2 hippogriffs
  2 hornets (Depths:5)
  37 slime creatures
  15 blink frogs
  11 dream sheep
  A flying skull (Depths:3)
  A spriggan (Depths:5)
  An ettin skeleton (Vaults:4)
  A shadow (D:12)
  24 yaks
  6 water elementals
  A wraith (Depths:3)
  2 wyverns
  5 vampire mosquitoes (Lair:6)
  2 human simulacra
  A warg (Orc:2)
  An acid dragon (D:13)
  10 nagas
  5 water moccasins
  An ogre skeleton (Vaults:1)
  A porcupine (Lair:4)
  3 hell hounds (Depths:3)
  8 orc warriors
  2 eyes of draining
  2 phantoms
  5 boggarts (Depths:2)
  2 necrophages (Lair:2)
  7 ogres
  6 centaurs
  2 crocodiles
  13 bullfrogs
  A spiny frog simulacrum (Lair:2)
  2 wights (D:12)
  A crimson imp (D:12)
  5 orc priests
  2 hounds (D:11)
  10 jellies (Lair:5)
  An iguana (D:11)
  23 orc wizards
  3 hell rats (Lair:3)
  2 worker ants
  An ogre zombie (D:4)
  2 worker ant zombies
  An adder (D:8)
  2 river rats (Lair:3)
  27 orcs
  A quokka (D:8)
  A rat (Lair:3)
  3 fungi
  7 plants
  2 tentacles (Shoals:4)
627 creatures vanquished.

Vanquished Creatures (others)
  A deep elf annihilator (Elf:3)
  A deep elf death mage (Elf:3)
  A merfolk javelineer (Shoals:4)
  A centaur warrior (Depths:3)
  A salamander mystic (Snake:4)
  An unseen horror (Vaults:1)
  2 quicksilver dragon simulacra (Depths:3)
  2 deep elf archers
  A wizard (Depths:1)
  A faun (Shoals:2)
  A cyclops (Vaults:2)
  A naga mage (Snake:4)
  12 yaktaurs
  An air elemental (Elf:3)
  A yak (Lair:3)
  A naga (Snake:4)
  A slave (D:7)
  4 ettin simulacra (Depths:3)
  A boggart (D:14)
  A human (D:10)
  An ogre (Depths:1)
  A centaur (Vaults:1)
  A big kobold (shapeshifter) (Depths:5)
  An electric eel (D:14)
  An orc wizard (Orc:2)
  A hound skeleton (D:7)
  An adder (D:14)
  5 gnolls
  An adder skeleton (D:7)
  An orc (Snake:4)
  4 jackals (D:7)
  31 fungi
  75 plants
  77 tentacles
  A withered plant (D:15)
238 creatures vanquished.

Grand Total: 2486 creatures vanquished

Notes
Turn   | Place    | Note
-------+----------+-------------------------------------------
     0 | D:1      | zishaf the Gnoll Wizard began the quest for the Orb.
     0 | D:1      | Reached XP level 1. HP: 13/13 MP: 8/8
   180 | D:1      | Reached XP level 2. HP: 19/19 MP: 6/10
   192 | D:1      | Learned a level 2 spell: Blink
   195 | D:1      | Learned a level 2 spell: Call Imp
   504 | D:1      | Reached XP level 3. HP: 25/25 MP: 8/11
   877 | D:2      | Reached skill level 1 in Invocations
  1070 | D:2      | Reached skill level 1 in Fighting
  1070 | D:2      | Reached skill level 1 in Short Blades
  1070 | D:2      | Reached skill level 1 in Long Blades
  1070 | D:2      | Reached skill level 1 in Axes
  1070 | D:2      | Reached skill level 1 in Maces & Flails
  1070 | D:2      | Reached skill level 1 in Polearms
  1070 | D:2      | Reached skill level 1 in Staves
  1070 | D:2      | Reached skill level 1 in Slings
  1070 | D:2      | Reached skill level 1 in Bows
  1070 | D:2      | Reached skill level 1 in Crossbows
  1070 | D:2      | Reached skill level 1 in Throwing
  1070 | D:2      | Reached skill level 1 in Armour
  1070 | D:2      | Reached skill level 1 in Shields
  1070 | D:2      | Reached skill level 1 in Unarmed Combat
  1070 | D:2      | Reached skill level 1 in Evocations
  1176 | D:2      | Learned a level 3 spell: Mephitic Cloud
  1178 | D:2      | Learned a level 1 spell: Animate Skeleton
  1222 | D:2      | Reached XP level 4. HP: 32/32 MP: 4/13
  1897 | D:2      | Reached skill level 1 in Hexes
  1897 | D:2      | Reached skill level 1 in Charms
  1897 | D:2      | Reached skill level 1 in Necromancy
  1897 | D:2      | Reached skill level 1 in Transmutations
  1897 | D:2      | Reached skill level 1 in Fire Magic
  1897 | D:2      | Reached skill level 1 in Ice Magic
  1897 | D:2      | Reached skill level 1 in Air Magic
  1897 | D:2      | Reached skill level 1 in Earth Magic
  1897 | D:2      | Reached skill level 1 in Poison Magic
  2126 | D:2      | Found a blossoming altar of Fedhas.
  2242 | D:3      | Found an opulent altar of Gozag.
  2365 | D:3      | Reached XP level 5. HP: 23/37 MP: 2/14
  2807 | D:3      | Noticed a phantom
  2832 | D:3      | Killed a phantom
  2891 | D:3      | Reached XP level 6. HP: 34/44 MP: 16/16
  3554 | D:4      | Found an ornate altar of the Wu Jian Council.
  3572 | D:4      | Found a transporter.
  3585 | D:4      | Found a transporter.
  3658 | D:4      | Found an ancient bone altar of Kikubaaqudgha.
  3700 | D:4      | Reached skill level 5 in Dodging
  4024 | D:4      | Reached skill level 2 in Evocations
  4416 | D:4      | Reached XP level 7. HP: 50/50 MP: 7/18
  4709 | D:4      | Found a sparkling altar of Nemelex Xobeh.
  5147 | D:5      | Entered Level 5 of the Dungeon
  5492 | D:5      | Reached skill level 5 in Stealth
  5675 | D:5      | Reached XP level 8. HP: 57/57 MP: 9/19
  5751 | D:5      | HP: 2/57 [ice beast (14)]
  5774 | D:5      | Found Vurec's Gadget Emporium.
  5970 | D:5      | Reached skill level 3 in Evocations
  6085 | D:5      | Found a glowing golden altar of the Shining One.
  7239 | D:6      | Found a staircase to the Ecumenical Temple.
  7251 | D:6      | Reached XP level 9. HP: 65/65 MP: 10/21
  7259 | Temple   | Entered the Ecumenical Temple
  7405 | Temple   | Became a worshipper of Ashenzari the Shackled
  7705 | D:6      | Found a bloodstained altar of Trog.
  8089 | D:6      | Upgraded the game from 0.22-a0-830-gf552829 to 0.22-a0-834-g05cf915
  8171 | D:7      | Found a large runed door.
  8171 | D:7      | Found a large runed door.
  8171 | D:7      | Noticed Uniporpoise's ghost (novice GrFi)
  8192 | D:7      | Reached skill level 4 in Evocations
  8410 | D:7      | Found a hide-covered altar of Uskayaw.
  8539 | D:7      | Noticed Pikel
  8583 | D:6      | Killed Pikel
  9442 | D:7      | Reached skill level 5 in Invocations
 10677 | D:8      | Reached XP level 10. HP: 70/73 MP: 22/22
 10694 | D:8      | Learned a level 3 spell: Conjure Flame
 10754 | D:8      | Noticed a two-headed ogre
 10791 | D:8      | Killed a two-headed ogre
 10791 | D:8      | Reached skill level 5 in Fighting
 10791 | D:8      | Reached skill level 5 in Short Blades
 10791 | D:8      | Reached skill level 5 in Long Blades
 10791 | D:8      | Reached skill level 5 in Axes
 10791 | D:8      | Reached skill level 5 in Maces & Flails
 10791 | D:8      | Reached skill level 5 in Polearms
 10791 | D:8      | Reached skill level 5 in Staves
 10791 | D:8      | Reached skill level 5 in Slings
 10791 | D:8      | Reached skill level 5 in Bows
 10791 | D:8      | Reached skill level 5 in Crossbows
 10791 | D:8      | Reached skill level 5 in Throwing
 10791 | D:8      | Reached skill level 5 in Armour
 10791 | D:8      | Reached skill level 5 in Shields
 10791 | D:8      | Reached skill level 5 in Unarmed Combat
 10791 | D:8      | Reached skill level 5 in Evocations
 11079 | D:8      | Found a staircase to the Lair.
 11900 | D:8      | Reached * piety under Ashenzari
 12342 | D:8      | Found an iron altar of Okawaru.
 12403 | D:8      | Found a glowing golden altar of the Shining One.
 12426 | D:8      | Reached skill level 5 in Conjurations
 12426 | D:8      | Reached skill level 5 in Summonings
 12426 | D:8      | Reached skill level 5 in Translocations
 12537 | D:8      | Learned a level 4 spell: Cause Fear
 12632 | D:9      | Found a sacrificial altar of Ru.
 13144 | D:9      | Found a roughly hewn altar of Beogh.
 13362 | D:9      | Found a staircase to the Orcish Mines.
 13532 | D:9      | Found a shadowy altar of Dithmenos.
 13616 | D:9      | Learned a level 4 spell: Throw Icicle
 13621 | D:9      | Learned a level 4 spell: Summon Ice Beast
 13686 | D:10     | Entered Level 10 of the Dungeon
 13696 | D:10     | Reached XP level 11. HP: 55/81 MP: 24/24
 14058 | D:10     | Found an ancient bone altar of Kikubaaqudgha.
 14094 | D:10     | Noticed a two-headed ogre
 14106 | D:10     | Killed a two-headed ogre
 14106 | D:10     | Reached skill level 6 in Evocations
 14317 | D:10     | Reached ** piety under Ashenzari
 14425 | D:10     | Reached skill level 5 in Hexes
 14425 | D:10     | Reached skill level 5 in Charms
 14425 | D:10     | Reached skill level 5 in Necromancy
 14425 | D:10     | Reached skill level 5 in Transmutations
 14425 | D:10     | Reached skill level 5 in Fire Magic
 14425 | D:10     | Reached skill level 5 in Ice Magic
 14425 | D:10     | Reached skill level 5 in Air Magic
 14425 | D:10     | Reached skill level 5 in Earth Magic
 14425 | D:10     | Reached skill level 5 in Poison Magic
 15146 | D:11     | Noticed a cyan ugly thing
 15223 | D:11     | Found a flagged portal.
 15548 | Bailey   | Entered a bailey
 15548 | Bailey   | Noticed an orc knight
 15777 | Bailey   | Killed an orc knight
 16167 | D:11     | Killed a cyan ugly thing
 16388 | D:11     | Identified the +2 leather armour of Onegotun {rElec rC- Str+4 SInv}
 16400 | D:11     | Noticed a skeletal warrior
 16409 | D:11     | Noticed a skeletal warrior
 16435 | D:11     | Noticed a skeletal warrior
 16796 | D:11     | Noticed a skeletal warrior
 16805 | D:11     | Noticed a skeletal warrior
 17775 | D:10     | Killed a skeletal warrior
 18566 | D:11     | Killed a skeletal warrior
 18566 | D:11     | Reached XP level 12. HP: 89/89 MP: 18/25
 20132 | D:10     | Reached skill level 10 in Spellcasting
 20564 | Lair:1   | Entered Level 1 of the Lair of Beasts
 20637 | Lair:1   | Reached skill level 7 in Evocations
 20673 | Lair:1   | Found a dark tunnel.
 20694 | Volcano  | Entered a volcano
 20775 | Volcano  | Noticed a red draconian
 20828 | Volcano  | Killed a red draconian
 21254 | Lair:1   | Learned a level 4 spell: Airstrike
 21344 | Lair:1   | Reached *** piety under Ashenzari
 21742 | Lair:1   | Found a bloodstained altar of Trog.
 22045 | Lair:2   | Found a runed gate.
 22045 | Lair:2   | Found a runed gate.
 22045 | Lair:2   | Found a runed gate.
 22061 | Lair:2   | Noticed contendunt's ghost (journeyman MiFi)
 22646 | Lair:2   | Learned a level 4 spell: Animate Dead
 22754 | Lair:2   | Found a staircase to the Shoals.
 23549 | Lair:3   | Reached XP level 13. HP: 71/98 MP: 21/27
 24475 | Lair:3   | Reached **** piety under Ashenzari
 24696 | Lair:3   | Reached skill level 8 in Evocations
 25816 | Lair:4   | Found a staircase to the Snake Pit.
 26237 | Lair:4   | Got the cursed dagger "Viuxeuw" {elec, *Rage Dex+4 Stlth+}
 26926 | Lair:5   | Found a staircase to the Slime Pits.
 27285 | Lair:6   | Entered Level 6 of the Lair of Beasts
 27779 | Lair:6   | Found a hide-covered altar of Uskayaw.
 28794 | Lair:6   | Reached XP level 14. HP: 97/106 MP: 26/29
 29314 | Lair:6   | Reached skill level 10 in Dodging
 29982 | D:7      | Found a hide-covered altar of Uskayaw.
 30200 | D:7      | Killed Uniporpoise's ghost
 31252 | D:12     | Reached ***** piety under Ashenzari
 31369 | D:12     | Noticed Nessos
 31394 | D:12     | Killed Nessos
 31402 | D:12     | Reached skill level 9 in Evocations
 32112 | D:12     | Reached skill level 10 in Stealth
 32128 | D:12     | Identified the ring "Rigaxy" {rC+ MR+ EV+4 Stlth+} (You took it off a wight on level 12 of the Dungeon)
 32770 | D:12     | Noticed a cyan very ugly thing
 33813 | D:12     | Reached skill level 10 in Invocations
 33931 | D:12     | Learned a level 1 spell: Confusing Touch
 33936 | D:12     | Learned a level 3 spell: Regeneration
 34262 | D:12     | Identified the +8 trident of Cheibriados {pierce, Int+2}
 34262 | D:12     | Identified the cursed +1 dagger "Viuxeuw" {elec, *Rage Dex+4 Stlth+} (You found it on level 4 of the Lair of Beasts)
 34305 | D:12     | Killed a cyan very ugly thing
 35142 | Orc:1    | Entered Level 1 of the Orcish Mines
 35142 | Orc:1    | Noticed Maurice
 35145 | Orc:1    | Noticed Fannar
 35146 | Orc:1    | Killed Maurice
 35155 | Orc:1    | Killed Fannar
 35299 | Orc:1    | Found a roughly hewn altar of Beogh.
 35660 | Orc:2    | Entered Level 2 of the Orcish Mines
 35912 | Orc:2    | Found a roughly hewn altar of Beogh.
 36003 | Orc:2    | Found a staircase to the Elven Halls.
 37283 | Orc:2    | Found Qemiddu's Assorted Antiques.
 37283 | Orc:2    | Found Jodiluut's Magic Scroll Boutique.
 37353 | Orc:2    | Bought a scroll of blinking for 112 gold pieces
 37353 | Orc:2    | Bought a scroll of identify for 30 gold pieces
 37353 | Orc:2    | Bought a scroll of identify for 30 gold pieces
 37353 | Orc:2    | Bought a scroll of enchant armour for 112 gold pieces
 37372 | Orc:2    | Gained mutation: You have a pair of small horns on your head. [potion of mutation]
 37372 | Orc:2    | Gained mutation: Your natural rate of healing is unusually fast. [potion of mutation]
 37380 | Orc:2    | Found a roughly hewn altar of Beogh.
 37817 | Orc:2    | Found Rosoxe's Book Emporium.
 37817 | Orc:2    | Found Mymit's Antique Armour Boutique.
 37824 | Orc:2    | Bought a polished shield for 237 gold pieces
 37833 | Orc:2    | Bought a book of Flames for 455 gold pieces
 37844 | Orc:2    | Learned a level 5 spell: Fireball
 38216 | D:13     | Reached XP level 15. HP: 114/114 MP: 30/30
 38462 | D:13     | Identified the -1 shield of the Tundras {MR+} (You bought it in a shop on level 2 of the Orcish Mines)
 38779 | D:13     | Reached skill level 10 in Evocations
 39281 | D:13     | Found a portal to a secret trove of treasure.
 40029 | D:14     | Found a shimmering altar of Xom.
 40569 | Orc:2    | Bought a scroll of identify for 62 gold pieces
 40569 | Orc:2    | Bought a scroll of identify for 62 gold pieces
 42532 | D:14     | Reached skill level 10 in Fighting
 42532 | D:14     | Reached skill level 10 in Short Blades
 42532 | D:14     | Reached skill level 10 in Long Blades
 42532 | D:14     | Reached skill level 10 in Axes
 42532 | D:14     | Reached skill level 10 in Maces & Flails
 42532 | D:14     | Reached skill level 10 in Polearms
 42532 | D:14     | Reached skill level 10 in Staves
 42532 | D:14     | Reached skill level 10 in Slings
 42532 | D:14     | Reached skill level 10 in Bows
 42532 | D:14     | Reached skill level 10 in Crossbows
 42532 | D:14     | Reached skill level 10 in Throwing
 42532 | D:14     | Reached skill level 10 in Armour
 42532 | D:14     | Reached skill level 10 in Shields
 42532 | D:14     | Reached skill level 10 in Unarmed Combat
 42906 | D:14     | Found a gate to the Vaults.
 42942 | D:15     | Entered Level 15 of the Dungeon
 43012 | D:15     | Found Gebariff's General Store.
 43020 | D:15     | Bought 3 scrolls of remove curse for 99 gold pieces
 43541 | D:15     | Found a staircase to the Depths.
 44349 | D:15     | Reached skill level 11 in Evocations
 45510 | Lair:1   | Upgraded the game from 0.22-a0-834-g05cf915 to 0.22-a0-848-ge9e22a0
 45517 | Lair:1   | Learned a level 5 spell: Borgnjor's Vile Clutch
 45892 | Lair:2   | Killed contendunt's ghost
 46127 | Snake:1  | Entered Level 1 of the Snake Pit
 46862 | Snake:1  | Identified a scroll of acquirement
 46913 | Snake:1  | Reached XP level 16. HP: 103/122 MP: 23/32
 48226 | Snake:2  | Found Xuluv's Food Shoppe.
 48230 | Snake:2  | Noticed Vashnia
 49355 | Snake:2  | Killed Vashnia
 49777 | Snake:2  | Found Goceett's Book Shoppe.
 49794 | Snake:2  | Found Zumazxou's Armour Boutique.
 49827 | Snake:2  | Noticed Donald
 49843 | Snake:2  | Killed Donald
 50069 | Snake:2  | Reached skill level 12 in Evocations
 50272 | Snake:2  | Noticed Aizul
 50416 | Snake:2  | Killed Aizul
 50609 | Snake:2  | Found Itwoidi's Antique Weapon Boutique.
 51332 | Snake:3  | Noticed a nagaraja
 51523 | Snake:3  | Killed a nagaraja
 52211 | Snake:3  | Noticed Mara
 52350 | Snake:3  | Noticed a nagaraja
 52353 | Snake:3  | Noticed a nagaraja
 52364 | Snake:3  | Killed a nagaraja
 52364 | Snake:3  | Reached XP level 17. HP: 131/131 MP: 25/33
 52806 | Snake:3  | Noticed zishaf's illusion
 53019 | Snake:3  | Noticed zishaf's illusion
 53267 | Snake:3  | Noticed zishaf's illusion
 53267 | Snake:3  | Killed Mara
 54204 | Snake:4  | Entered Level 4 of the Snake Pit
 54204 | Snake:4  | Identified the +2 shortbow of Roumyomuhe {freeze, rPois Dex+4}
 54206 | Snake:4  | Reached skill level 13 in Evocations
 54561 | Snake:4  | Reached skill level 10 in Conjurations
 54561 | Snake:4  | Reached skill level 10 in Summonings
 54561 | Snake:4  | Reached skill level 10 in Translocations
 54684 | Snake:4  | Reached ****** piety under Ashenzari
 56451 | Snake:4  | Noticed Agnes
 56459 | Snake:4  | Killed Agnes
 56488 | Snake:4  | Noticed Saint Roka
 56901 | Snake:4  | Reached skill level 10 in Hexes
 56901 | Snake:4  | Reached skill level 10 in Charms
 56901 | Snake:4  | Reached skill level 10 in Necromancy
 56901 | Snake:4  | Reached skill level 10 in Transmutations
 56901 | Snake:4  | Reached skill level 10 in Fire Magic
 56901 | Snake:4  | Reached skill level 10 in Ice Magic
 56901 | Snake:4  | Reached skill level 10 in Air Magic
 56901 | Snake:4  | Reached skill level 10 in Earth Magic
 56901 | Snake:4  | Reached skill level 10 in Poison Magic
 57310 | Snake:4  | Reached XP level 18. HP: 139/139 MP: 24/35
 57627 | Snake:4  | Killed Saint Roka
 58423 | Snake:4  | Got a serpentine rune of Zot
 58929 | Shoals:1 | Entered Level 1 of the Shoals
 59348 | Shoals:1 | Reached skill level 14 in Evocations
 59379 | Shoals:1 | Noticed Frances
 59577 | Shoals:1 | Noticed Nikola
 59587 | Shoals:1 | Killed Frances
 59757 | Shoals:1 | Killed Nikola
 61526 | Shoals:1 | Learned a level 4 spell: Summon Lightning Spire
 62507 | Shoals:3 | Noticed Roxanne
 62522 | Shoals:3 | Killed Roxanne
 62704 | Shoals:3 | Identified Roxanne's Tome of Transmutation (You took it off Roxanne on level 3 of the Shoals)
 63447 | Shoals:4 | Entered Level 4 of the Shoals
 63740 | Shoals:4 | Reached XP level 19. HP: 147/147 MP: 36/36
 64039 | Shoals:4 | Found the +2 pair of boots of the Assassin {Detection Stab+ Stlth++}
 64438 | Shoals:4 | Noticed Polyphemus
 64675 | Shoals:4 | Killed Polyphemus
 65790 | Shoals:4 | Reached skill level 15 in Evocations
 65821 | Shoals:4 | Got a barnacled rune of Zot
 66493 | Depths:1 | Entered Level 1 of the Depths
 66739 | Depths:1 | Noticed a lich
 66740 | Depths:1 | Found a gateway to a ziggurat.
 66750 | Depths:1 | Noticed a Hell Sentinel
 66753 | Depths:1 | Killed a lich
 68066 | Depths:1 | Reached XP level 20. HP: 126/155 MP: 22/38
 68331 | Depths:1 | Found a gateway to Hell.
 69421 | Depths:1 | Noticed an ancient lich
 69428 | Depths:1 | Identified the cursed +2 fustibalus of the Doomed Warrior {speed, rC+}
 69604 | Depths:1 | Cast into level 5 of the Abyss (an ancient lich)
 69604 | Abyss:5  | Entered Level 5 of the Abyss
 69841 | Abyss:5  | Noticed a lich
 70139 | Depths:1 | Escaped the Abyss
 70292 | Depths:1 | Cast into level 5 of the Abyss (an ancient lich)
 70292 | Abyss:5  | Entered Level 5 of the Abyss
 70382 | Depths:1 | Escaped the Abyss
 70395 | Depths:1 | Killed an ancient lich
 70926 | Depths:1 | Identified the cursed amulet of Napiheuf {Gourm rElec Slay+6} (You acquired it on level 1 of the Depths)
 71112 | Depths:2 | Reached skill level 16 in Evocations
 71557 | Depths:2 | Found a runed door.
 71727 | Depths:2 | Identified Hetynkag's Reference Book on Arcane Weapons
 72636 | Depths:2 | Found Amunota's Magic Scroll Shoppe.
 72645 | Depths:2 | Bought a scroll of identify for 36 gold pieces
 72645 | Depths:2 | Bought a scroll of identify for 36 gold pieces
 72645 | Depths:2 | Bought a scroll of holy word for 135 gold pieces
 72645 | Depths:2 | Bought a scroll of identify for 36 gold pieces
 72645 | Depths:2 | Bought a scroll of identify for 36 gold pieces
 73268 | Depths:3 | Learned a level 2 spell: Sublimation of Blood
 73369 | Depths:3 | Paralysed by a great orb of eyes for 5 turns
 73728 | Depths:3 | Found a sparkling altar of Nemelex Xobeh.
 73752 | Depths:3 | Noticed Frederick
 73976 | Depths:2 | Killed Frederick
 74668 | Depths:3 | Reached XP level 21. HP: 137/163 MP: 22/39
 74997 | Depths:3 | Paralysed by a sphinx for 7 turns
 75060 | Depths:3 | Reached skill level 15 in Spellcasting
 76157 | Depths:3 | Noticed a golden dragon
 76166 | Depths:3 | Killed a golden dragon
 76863 | Depths:3 | Identified the +4 pair of boots of Kleptomania {+Inv Str+6}
 76886 | Depths:3 | HP: 7/164 [battlesphere[a tengu reaver] (12)]
 77148 | Depths:3 | Upgraded the game from 0.22-a0-848-ge9e22a0 to 0.22-a0-858-g985ef60
 77250 | Depths:3 | Found a white marble altar of Elyvilon.
 77763 | Depths:3 | Reached skill level 17 in Evocations
 77974 | Depths:3 | Reached skill level 15 in Invocations
 78169 | Depths:3 | Identified Lemavom's Almanac of Poisonous Snow
 78234 | Depths:3 | Noticed a juggernaut
 78259 | Depths:3 | Killed a juggernaut
 78465 | Depths:3 | Found a bloodstained altar of Trog.
 78465 | Depths:3 | Found a one-way gate leading to the halls of Pandemonium.
 78771 | Depths:3 | Found a deep blue altar of Sif Muna.
 79213 | Vaults:1 | Entered Level 1 of the Vaults
 79827 | Vaults:1 | Reached XP level 22. HP: 172/172 MP: 41/41
 82264 | Vaults:2 | Noticed Asterion
 82271 | Vaults:2 | Killed Asterion
 82535 | D:13     | You paid a toll of 20 scrolls of identify to enter a treasure trove
 82536 | Trove    | Entered a treasure trove
 82561 | Trove    | Found the cursed +1 cloak of Starlight {rElec rC+ EV+4 Stlth--}
 82562 | Trove    | Identified the +2 cloak of the Nine Ghosts {rElec rCorr Dex+2}
 82577 | Trove    | Identified the cursed amulet of Wishful Thinking {Reflect Str+3 Int+2 SH+3}
 82652 | Trove    | Reached XP level 23. HP: 179/179 MP: 42/42
 83436 | Orc:2    | Bought a scroll of remove curse for 45 gold pieces
 83436 | Orc:2    | Bought 3 scrolls of blinking for 337 gold pieces
 83730 | Depths:2 | Bought a scroll of remove curse for 54 gold pieces
 83730 | Depths:2 | Bought a scroll of remove curse for 54 gold pieces
 83747 | Depths:2 | Learned a level 5 spell: Alistair's Intoxication
 83752 | Depths:2 | Learned a level 4 spell: Passage of Golubria
 83762 | Depths:2 | Learned a level 8 spell: Lehudib's Crystal Spear
 84045 | Vaults:2 | Reached skill level 15 in Dodging
 84943 | Vaults:2 | Reached skill level 15 in Stealth
 85425 | Vaults:2 | Reached skill level 18 in Evocations
 85559 | Vaults:2 | Found a staircase to the Crypt.
 85916 | Vaults:3 | Found Daijit's Food Shop.
 85919 | Vaults:3 | Bought a ration for 50 gold pieces
 87177 | Vaults:3 | Identified Sif Muna's Papyrus of Enchantment and Damage Dealing
 87243 | Vaults:3 | Identified the cursed amulet "Iror Juso" {Reflect rElec rF+ Str+4 SH+3} (You acquired it on level 3 of the Vaults)
 87688 | Snake:1  | Identified the cursed ring "Tarheoze" {*Drain rPois rF+ Str+4 Dex+7} (You acquired it on level 1 of the Snake Pit)
 88363 | Vaults:3 | Reached XP level 24. HP: 158/187 MP: 13/43
 89781 | Vaults:4 | Reached skill level 15 in Fighting
 89781 | Vaults:4 | Reached skill level 15 in Short Blades
 89781 | Vaults:4 | Reached skill level 15 in Long Blades
 89781 | Vaults:4 | Reached skill level 15 in Axes
 89781 | Vaults:4 | Reached skill level 15 in Maces & Flails
 89781 | Vaults:4 | Reached skill level 15 in Polearms
 89781 | Vaults:4 | Reached skill level 15 in Staves
 89781 | Vaults:4 | Reached skill level 15 in Slings
 89781 | Vaults:4 | Reached skill level 15 in Bows
 89781 | Vaults:4 | Reached skill level 15 in Crossbows
 89781 | Vaults:4 | Reached skill level 15 in Throwing
 89781 | Vaults:4 | Reached skill level 15 in Armour
 89781 | Vaults:4 | Reached skill level 15 in Shields
 89781 | Vaults:4 | Reached skill level 15 in Unarmed Combat
 90376 | Vaults:4 | Found a large runed door.
 90376 | Vaults:4 | Found a large runed door.
 90376 | Vaults:4 | Noticed Bidatih's ghost (adept MiBe)
 90399 | Vaults:4 | Killed Bidatih's ghost
 92574 | Elf:1    | Entered Level 1 of the Elven Halls
 92703 | Elf:1    | Found Aposhu's Antique Weapon Emporium.
 92939 | Elf:1    | Identified the +3 quarterstaff of Hospitality {venom, +Inv Str+5}
 92939 | Elf:1    | Noticed Seuss's ghost (adept MiFi)
 92940 | Elf:1    | Identified a +1 pair of boots of running
 92947 | Elf:1    | Found a runed gate.
 92947 | Elf:1    | Found a runed gate.
 92947 | Elf:1    | Found a runed gate.
 93245 | Elf:1    | Reached skill level 19 in Evocations
 94413 | Elf:1    | Killed Seuss's ghost
 94726 | Elf:2    | Found a flickering gateway to a bazaar.
 94736 | Bazaar   | Entered a bazaar
 94755 | Bazaar   | Found Wovoan's Antique Weapon Shoppe.
 94755 | Bazaar   | Found Hazin's Jewellery Emporium.
 94776 | Bazaar   | Found Tydiv's Magic Scroll Emporium.
 94797 | Bazaar   | Found Ezadi's Gadget Emporium.
 94846 | Bazaar   | Bought the ring "Biewke" {rF++ rC+ Str+3 Int+2 Dex+4} for 1104 gold pieces
 94900 | Elf:2    | Identified the cursed +0 cloak of the Saviour {*Corrode Str-4 Dex+8 Slay+3}
 96175 | Elf:2    | Found a huge runed gate.
 96178 | Elf:2    | Found a huge runed gate.
 96178 | Elf:2    | Found a huge runed gate.
 96179 | Elf:2    | Found a huge runed gate.
 96179 | Elf:2    | Found a huge runed gate.
 96595 | Elf:2    | Reached XP level 25. HP: 189/195 MP: 19/43
 97417 | Elf:3    | Entered Level 3 of the Elven Halls
 97550 | D:8      | Learned a level 8 spell: Discord
 97757 | Elf:3    | Found Danutuy's Magic Scroll Shop.
 97767 | Elf:3    | Bought a scroll of remove curse for 33 gold pieces
 97767 | Elf:3    | Bought a scroll of remove curse for 33 gold pieces
 98159 | Elf:3    | Identified the cursed +2 plate armour "Wuegg" {-Cast rC+ Int+4 Stlth+} (You acquired it on level 3 of the Elven Halls)
 98746 | Elf:3    | Identified the +3 scale mail "Sayj" {rPois} (You took it off a deep elf blademaster on level 3 of the Elven Halls)
 98774 | Elf:3    | Identified the +0 plate armour of the Eight Beds {rElec} (You took it off a deep elf blademaster on level 3 of the Elven Halls)
 98990 | Elf:3    | Noticed Louise
 99126 | Elf:3    | Killed Louise
 99311 | Elf:3    | Identified the +10 war axe "Qalugimo" {drain, +Rage +Fly Str-5} (You took it off a deep elf elementalist on level 3 of the Elven Halls)
 99465 | Elf:3    | Identified the +6 hunting sling of a sewer {velocity, rC+ Int+4}
 99512 | Elf:3    | Identified the +1 cloak "Juomy" {Int+8}
 99515 | Elf:3    | Identified the +6 spear "Kiaxt" {pierce, +Blink}
 99534 | Elf:3    | Identified the Tome of Harmful Creation
100677 | Depths:4 | Found a shimmering altar of Xom.
101518 | Depths:4 | Noticed Xtahua
101526 | Depths:4 | Killed Xtahua
104099 | Depths:4 | Identified the amulet "Healois" {+Rage rElec rPois Str+4 Int-2}
104579 | Depths:4 | Found a one-way gate to the infinite horrors of the Abyss.
104805 | Depths:4 | Reached skill level 20 in Evocations
104905 | Depths:4 | Identified the Reference Book on Twisted Calling
104958 | Depths:4 | Reached XP level 26. HP: 204/204 MP: 44/44
104998 | Depths:5 | Entered Level 5 of the Depths
105029 | Depths:5 | Found a gateway to a bazaar.
105043 | Bazaar   | Entered a bazaar
105043 | Bazaar   | Found Muetacw's Food Shoppe.
105043 | Bazaar   | Found Nera's Food Shop.
105043 | Bazaar   | Found Doogaff's Jewellery Shoppe.
105045 | Bazaar   | Found Yjenewk's Antique Weapon Shop.
105045 | Bazaar   | Found Riulojosch's Assorted Antiques.
105078 | Bazaar   | Bought a ration for 30 gold pieces
105094 | Bazaar   | Bought a scroll of enchant weapon for 172 gold pieces
106199 | Depths:5 | Found a gate to the Realm of Zot.
106960 | Slime:1  | Entered Level 1 of the Pits of Slime
109882 | Slime:5  | Entered Level 5 of the Pits of Slime
110116 | Slime:5  | Noticed the Royal Jelly
110151 | Slime:4  | HP: 8/206 [acid[the Royal Jelly] (11)]
110153 | Slime:4  | Splashed by an acid blob's acid

Vault maps used:
D:1:      giann_forest_graveyard
D:2:      lemuel_coloured_pillars_altar, first_ration
D:3:      lemuel_round_altar
D:4:      gammafunk_cloud_chamber, kennysheep_mini_moat,
          lemuel_zombie_altar_kikubaaqudgha, nemelex_xobeh_ov_fountains_minmay
D:5:      nicolae_tso_besieged_by_evil, serial_shops, shop, nicolae_sextant
D:6:      bloody_trog, temple_statues, lemuel_old_faithful
D:7:      nicolae_overflow_crystal_walls, nicolae_overflow_hidden_temple,
          ebering_ghost_disaster_area, the_bakery, uniq_pikel
D:8:      okawaru_gym_becter, due_lair_maze_entry_diamond, skrybe_limestone_x,
          lemuel_centaur_altar
D:9:      nicolae_ru_sacrificial_ziggurat, grunt_dithmenos_smoke, orc_0_dummy,
          david_defended_altar_orc
D:10:     tgw_kikubaaqudgha
D:11:     enter_bailey_2, roderic_lattice_a, minmay_misc_feat_five
D:12:     minmay_the_grid_octo_tiled_squarecenter, roderic_serpentine_path,
          uniq_nessos
D:13:     nicolae_trove_entry_diagonal
D:14:     david_vaults_4, basic_altar, nrook_pool_corridor
D:15:     gammafunk_depths_entry_grave, serial_shops, shop
Temple:   chequers_temple_sunken
Lair:1:   enter_volcano_4, basic_altar
Lair:2:   elwin_shoals_entry_stream, gammafunk_ghost_necromancy,
          roderic_carrion_pond
Lair:3:   serial_bayou_pond_a, kennysheep_abandoned_house
Lair:4:   dummy_snake_entry, patterned_corridor, lemuel_fruit_fields,
          minmay_lair_oklob_chamber
Lair:5:   minmay_slime_entry_jelly_boxes, nicolae_quartered_pool_super,
          lemuel_fruit_fields
Lair:6:   minmay_lair_end_frog_pond, basic_altar
Shoals:1: st_cyclops, uniq_nikola, uniq_frances
Shoals:3: uniq_roxanne
Shoals:4: shoals_end_simple, nicolae_shoals_kraken_party, uniq_polyphemus
Snake:1:  serial_bayou_shore_a
Snake:2:  serial_shops, shop, nicolae_shop_trees, nicolae_shop_statue_plus,
          shop, grunt_ministairs_6, uniq_vashnia, uniq_aizul, uniq_donald
Snake:3:  st_stairs_8, uniq_mara
Snake:4:  snake_pit, grunt_megastairs_5, uniq_saint_roka, uniq_agnes
Orc:1:    basic_altar, uniq_fannar, uniq_maurice
Orc:2:    st_orc_town, basic_altar, nicolae_orc_crystal_geode
Elf:1:    minmay_elf_arrival_plus, gammafunk_ghost_split, serial_shops,
          nicolae_shop_statue_plus, minivault_28
Elf:2:    serial_shops, bzr_entry_gold
Elf:3:    minmay_elf_hall_quartered_circle, serial_shops, shop_scrolls,
          serial_glass, glass_columns_b, glass_columns_c, uniq_louise
Vaults:1: vaults_mumra_minichess, v_pattern_3, nicolae_vaults_network_square,
          nicolae_vaults_network_quincunx, v_rooms_3, vaults_mumra_bighexcomb,
          v_misc_25, vaults_mumra_chevron_long,
          nicolae_vaults_network_periphery, vaults_dpeg_cross
Vaults:2: nicolae_vaults_little_squares_1, minmay_crypt_entry_simple_statues,
          dpeg_vaults_monster_row, nicolae_vaults_border_crossing, v_misc_27,
          v_misc_12, nicolae_vaults_yaktaur_gun_rack, vaults_dpeg_ring,
          uniq_asterion
Vaults:3: ontoclasm_vaults_eye, dpeg_vaults_waves, vaults_room_fours,
          grunt_vaults_focal, grunt_vaults_swirl,
          nicolae_vaults_diagonal_hallway_6, vaults_room_pools, v_misc_2,
          nicolae_vaults_little_squares_6, vaults_standard_mumra_x, v_misc_9,
          serial_shops, shop
Vaults:4: advil_vaults_ghost_guards, grunt_vaults_twisty, nicolae_vaults_arrows,
          grunt_vaults_funnel, nicolae_vaults_little_squares_6,
          ontoclasm_vaults_gateway, nicolae_vaults_diagonal_hallway_8,
          v_misc_14, v_misc_25, nicolae_vaults_little_squares_3, v_misc_16,
          vaults_room_corners
Depths:1: cheibrodos_cascadia, enter_ziggurat_c, hangedman_tar_grid_catacomb,
          grunt_ministairs_9, nrook_loot_triangle, kennysheep_generic_room_10
Depths:2: minmay_skeletal_surprise, serial_shops, nicolae_shop_trees,
          hell_entry, minivault_11, minmay_crystal_box
Depths:3: grunt_profane_halls, pan_entry, hell_entry, uniq_frederick
Depths:4: minmay_swirls_squares, nicolae_benzene_ring, hell_entry, abyss_entry,
          tgw_xom, uniq_xtahua
Depths:5: grunt_zot_entry_gee_three, serial_shops, statue_bzr,
          grunt_mini_vestibule
Abyss:5:  nicolae_abyss_rune_left_handed, doesnt_abyss_rune_brain_food
Bazaar:   bazaar_short_row, bazaar_minmay_generic_island
Trove:    trove_garden
Bailey:   bailey_polearm_4, bailey
Volcano:  volcano_caves

Skill      XL: |  1  2  3  4  5  6  7  8  9 10 11 12 13 14 15 16 17 18 19 20 21 22 23 24 25 26 |
---------------+-------------------------------------------------------------------------------+-----
Conjurations   | 2 3 4 5 6 7 8 9 10 11 12 13 14 | 14.3
Summonings     | 2 3 4 5 6 7 8 9 10 11 12 13 14 | 14.3
Translocations | 2 3 4 5 6 7 8 9 10 11 12 13 14 | 14.3
Invocations    | 1 2 3 4 5 6 7 8 9 10 11 12 13 14 15 16 17 | 17.7
Fighting       | 1 2 3 4 5 6 7 8 9 10 11 12 13 14 15 16 | 16.5
Short Blades   | 1 2 3 4 5 6 7 8 9 10 11 12 13 14 15 16 | 16.5
Long Blades    | 1 2 3 4 5 6 7 8 9 10 11 12 13 14 15 16 | 16.5
Axes           | 1 2 3 4 5 6 7 8 9 10 11 12 13 14 15 16 | 16.5
Maces & Flails | 1 2 3 4 5 6 7 8 9 10 11 12 13 14 15 16 | 16.5
Polearms       | 1 2 3 4 5 6 7 8 9 10 11 12 13 14 15 16 | 16.5
Staves         | 1 2 3 4 5 6 7 8 9 10 11 12 13 14 15 16 | 16.5
Slings         | 1 2 3 4 5 6 7 8 9 10 11 12 13 14 15 16 | 16.5
Bows           | 1 2 3 4 5 6 7 8 9 10 11 12 13 14 15 16 | 16.5
Crossbows      | 1 2 3 4 5 6 7 8 9 10 11 12 13 14 15 16 | 16.5
Throwing       | 1 2 3 4 5 6 7 8 9 10 11 12 13 14 15 16 | 16.5
Armour         | 1 2 3 4 5 6 7 8 9 10 11 12 13 14 15 16 | 16.5
Shields        | 1 2 3 4 5 6 7 8 9 10 11 12 13 14 15 16 | 16.5
Unarmed Combat | 1 2 3 4 5 6 7 8 9 10 11 12 13 14 15 16 | 16.5
Evocations     | 1 2 3 4 5 6 7 8 9 11 12 13 14 15 16 17 18 19 20 | 20.7
Hexes          | 1 2 3 4 5 6 7 8 9 10 11 12 13 14 | 14.2
Charms         | 1 2 3 4 5 6 7 8 9 10 11 12 13 14 | 14.2
Necromancy     | 1 2 3 4 5 6 7 8 9 10 11 12 13 14 | 14.2
Transmutations | 1 2 3 4 5 6 7 8 9 10 11 12 13 14 | 14.2
Fire Magic     | 1 2 3 4 5 6 7 8 9 10 11 12 13 14 | 14.2
Ice Magic      | 1 2 3 4 5 6 7 8 9 10 11 12 13 14 | 14.2
Air Magic      | 1 2 3 4 5 6 7 8 9 10 11 12 13 14 | 14.2
Earth Magic    | 1 2 3 4 5 6 7 8 9 10 11 12 13 14 | 14.2
Poison Magic   | 1 2 3 4 5 6 7 8 9 10 11 12 13 14 | 14.2
Dodging        | 5 6 7 8 9 10 11 12 13 14 15 16 | 16.9
Stealth        | 5 6 7 8 9 10 11 12 13 14 15 16 | 16.9
Spellcasting   | 8 9 10 11 12 13 14 15 16 17 | 17.5

Action                   |  1- 3 |  4- 6 |  7- 9 | 10-12 | 13-15 | 16-18 | 19-21 | 22-24 | 25-27 || total
-------------------------+-------+-------+-------+-------+-------+-------+-------+-------+-------++-------
Melee: Short sword       |       |    36 |   122 |   366 |   106 |       |       |       |       ||   630
       Unarmed           |       |     7 |       |       |       |       |       |       |       ||     7
       Bite              |       |     6 |    10 |    42 |    42 |     1 |     1 |    24 |   169 ||   295
       Punch             |       |       |     1 |     9 |     4 |       |       |       |       ||    14
       Battleaxe         |       |       |       |       |   177 |       |       |       |       ||   177
       Staff             |       |       |       |       |    69 |     7 |    14 |   113 |    50 ||   253
       Headbutt          |       |       |       |       |     4 |     1 |     6 |    50 |   265 ||   326
       Demon blade       |       |       |       |       |       |       |       |       |   601 ||   601
       War axe           |       |       |       |       |       |       |       |       |    21 ||    21
Throw: Tomahawk          |       |       |     5 |       |     1 |       |       |       |       ||     6
       Javelin           |       |       |       |       |       |       |    37 |    25 |    75 ||   137
 Cast: Magic Dart        |    80 |   171 |   334 |   335 |       |       |       |       |       ||   920
       Mephitic Cloud    |       |     3 |    13 |    19 |     2 |       |       |       |       ||    37
       Call Imp          |       |    10 |    30 |    26 |       |       |       |       |       ||    66
       Blink             |       |     3 |     4 |    24 |    30 |     1 |    10 |     3 |     5 ||    80
       Animate Skeleton  |       |       |     5 |    26 |       |       |       |       |       ||    31
       Conjure Flame     |       |       |       |    33 |    13 |     2 |     1 |       |       ||    49
       Throw Icicle      |       |       |       |   152 |   486 |   606 |   482 |   126 |    66 ||  1918
       Summon Ice Beast  |       |       |       |    58 |   167 |    60 |    48 |    17 |    26 ||   376
       Cause Fear        |       |       |       |     3 |       |       |       |       |       ||     3
       Animate Dead      |       |       |       |     1 |    70 |    61 |    27 |    36 |    10 ||   205
       Airstrike         |       |       |       |       |     1 |    11 |     6 |       |       ||    18
       Fireball          |       |       |       |       |    46 |     7 |    81 |    25 |     3 ||   162
       Borgnjor's Vile C |       |       |       |       |     3 |    70 |   133 |    80 |    40 ||   326
       Regeneration      |       |       |       |       |       |     1 |     1 |     1 |       ||     3
       Summon Lightning  |       |       |       |       |       |    18 |    87 |    58 |    52 ||   215
       Sublimation of Bl |       |       |       |       |       |       |     2 |    26 |    10 ||    38
       Lehudib's Crystal |       |       |       |       |       |       |       |   140 |   116 ||   256
       Passage of Golubr |       |       |       |       |       |       |       |    10 |     6 ||    16
       Alistair's Intoxi |       |       |       |       |       |       |       |     1 |       ||     1
       Discord           |       |       |       |       |       |       |       |       |     1 ||     1
Invok: Curse Item        |       |       |     2 |     3 |     3 |     1 |     4 |     5 |     3 ||    21
       Scrying           |       |       |       |       |       |     4 |     7 |     5 |     3 ||    19
Evoke: Wand              |       |       |       |     1 |    16 |     1 |     3 |       |       ||    21
       Lightning rod     |       |       |       |       |       |     2 |     3 |     5 |     2 ||    12
       Lamp of fire      |       |       |       |       |       |       |     1 |       |       ||     1
  Use: Potion            |       |     1 |     2 |     2 |     3 |     2 |    10 |     1 |     2 ||    23
       Scroll            |       |       |     8 |     9 |    19 |     5 |    18 |    17 |    13 ||    89
 Stab: Distracted        |       |     1 |     1 |     5 |     6 |       |       |     3 |     9 ||    25
       Sleeping          |       |     1 |     3 |     2 |     8 |       |       |       |     9 ||    23
       Confused          |       |       |     2 |     1 |       |       |       |       |       ||     3
       Petrified         |       |       |       |       |     3 |       |       |       |       ||     3
  Eat: Chunk             |     1 |     9 |    10 |    25 |    11 |     9 |    43 |    56 |    32 ||   196
       Ration            |       |       |     3 |     5 |    18 |    13 |     5 |     7 |    11 ||    62
Armor: Robe              |     4 |    16 |    20 |       |       |       |       |       |       ||    40
       Leather armour    |       |       |    11 |       |       |       |       |       |       ||    11
       Steam dragon scal |       |       |     8 |    76 |   151 |    64 |    92 |    42 |    94 ||   527
       Skin              |       |       |       |    12 |       |       |       |       |       ||    12
Dodge: Dodged            |    14 |    81 |   158 |   328 |   650 |   378 |   511 |   305 |   406 ||  2831
Block: Shield            |       |       |       |       |    96 |       |       |   300 |   387 ||   783
       Buckler           |       |       |       |       |       |   184 |   223 |    38 |       ||   445
       Reflection        |       |       |       |       |       |    40 |    46 |   109 |    18 ||   213
       Rpst.: Demon blade |       |       |       |       |       |       |       |       |    65 ||    65

Table legend:
 A = Spawn XP
 B = Non-spawn XP
 C = Spawn XP percentage of total XP
 D = Spawn monster count
 E = Non-spawn monster count
 F = Spawn count percentage of total count
 G = Total turns spent on level
                    A         B        C        D         E        F      G
               +---------+---------+-------+---------+---------+-------+---------
         Total |    3066 | 1114097 |   0.3 |      10 |    2240 |   0.4 | 110153
               +---------+---------+-------+---------+---------+-------+---------
           D:1 |       0 |      40 |   0.0 |       0 |      25 |   0.0 |   853
           D:2 |       0 |     109 |   0.0 |       0 |      25 |   0.0 |  1380
           D:3 |       0 |     231 |   0.0 |       0 |      29 |   0.0 |  1387
           D:4 |       0 |     687 |   0.0 |       0 |      30 |   0.0 |  2287
           D:5 |       0 |     938 |   0.0 |       0 |      31 |   0.0 |  1193
           D:6 |       0 |    1178 |   0.0 |       0 |      17 |   0.0 |  1828
           D:7 |       0 |    1456 |   0.0 |       0 |      19 |   0.0 |  2693
           D:8 |       0 |    3434 |   0.0 |       0 |      33 |   0.0 |  3038
           D:9 |       0 |    1481 |   0.0 |       0 |      17 |   0.0 |  1848
          D:10 |       0 |    5653 |   0.0 |       0 |      31 |   0.0 |  3839
          D:11 |       0 |    4723 |   0.0 |       0 |      43 |   0.0 |  4723
          D:12 |       0 |   16414 |   0.0 |       0 |      64 |   0.0 |  2955
          D:13 |       0 |   11137 |   0.0 |       0 |      31 |   0.0 |  2954
          D:14 |       0 |   13761 |   0.0 |       0 |      45 |   0.0 |  2718
          D:15 |       0 |   13213 |   0.0 |       0 |      22 |   0.0 |  2266
        Temple |       0 |      84 |   0.0 |       0 |       1 |   0.0 |   153
        Lair:1 |       0 |    3594 |   0.0 |       0 |      13 |   0.0 |  1602
        Lair:2 |       0 |    7134 |   0.0 |       0 |      34 |   0.0 |  2980
        Lair:3 |       0 |    5799 |   0.0 |       0 |      41 |   0.0 |  1387
        Lair:4 |       0 |    2991 |   0.0 |       0 |      17 |   0.0 |  1825
        Lair:5 |       0 |    3603 |   0.0 |       0 |      31 |   0.0 |  1600
        Lair:6 |       0 |   16427 |   0.0 |       0 |      81 |   0.0 |  2115
      Shoals:1 |       0 |   25692 |   0.0 |       0 |      48 |   0.0 |  2468
      Shoals:2 |       0 |    6312 |   0.0 |       0 |      20 |   0.0 |  1011
      Shoals:3 |       0 |   14456 |   0.0 |       0 |      29 |   0.0 |  1715
      Shoals:4 |       0 |   38442 |   0.0 |       0 |      66 |   0.0 |  2329
       Snake:1 |       0 |   12443 |   0.0 |       0 |      30 |   0.0 |  3475
       Snake:2 |       0 |   33356 |   0.0 |       0 |      49 |   0.0 |  3652
       Snake:3 |       0 |   36924 |   0.0 |       0 |      47 |   0.0 |  2522
       Snake:4 |       0 |   59368 |   0.0 |       0 |     120 |   0.0 |  2841
       Slime:1 |       0 |    8948 |   0.0 |       0 |      19 |   0.0 |   557
       Slime:2 |       0 |    7321 |   0.0 |       0 |      15 |   0.0 |   645
       Slime:3 |       0 |   27346 |   0.0 |       0 |      46 |   0.0 |  1148
       Slime:4 |       0 |    9832 |   0.0 |       0 |      13 |   0.0 |   570
       Slime:5 |       0 |    9820 |   0.0 |       0 |       8 |   0.0 |   171
         Orc:1 |       0 |    1672 |   0.0 |       0 |       8 |   0.0 |   891
         Orc:2 |       0 |    6891 |   0.0 |       0 |      86 |   0.0 |  2531
         Elf:1 |       0 |   30959 |   0.0 |       0 |      52 |   0.0 |  2302
         Elf:2 |       0 |   36291 |   0.0 |       0 |      50 |   0.0 |  2952
         Elf:3 |       0 |   45647 |   0.0 |       0 |      46 |   0.0 |  2361
      Vaults:1 |       0 |   49323 |   0.0 |       0 |      91 |   0.0 |  3110
      Vaults:2 |       0 |   44919 |   0.0 |       0 |      77 |   0.0 |  2671
      Vaults:3 |       0 |   50129 |   0.0 |       0 |      73 |   0.0 |  1875
      Vaults:4 |       0 |   66920 |   0.0 |       0 |     110 |   0.0 |  2945
      Depths:1 |       0 |   78349 |   0.0 |       0 |      98 |   0.0 |  3556
      Depths:2 |       0 |   43863 |   0.0 |       0 |      65 |   0.0 |  3839
      Depths:3 |       0 |  105555 |   0.0 |       0 |     133 |   0.0 |  4784
      Depths:4 |       0 |   79835 |   0.0 |       0 |      75 |   0.0 |  1897
      Depths:5 |       0 |   62769 |   0.0 |       0 |      62 |   0.0 |  1580
       Abyss:5 |    3066 |    2182 |  58.4 |      10 |       4 |  71.4 |   625
        Bailey |       0 |    1738 |   0.0 |       0 |      16 |   0.0 |   562
       Volcano |       0 |    2708 |   0.0 |       0 |       4 |   0.0 |   350
               +---------+---------+-------+---------+---------+-------+---------
